 Dungeon Crawl Stone Soup version 0.19-a0-790-ge39e1af (webtiles) character file.

262 Liquid the Poker (level 5, -10/45 HPs)
             Began as a Centaur Gladiator on June 26, 2016.
             Was an Initiate of Okawaru.
             Killed by divine providence
             ... invoked by an orc priest
              (13 damage)
             ... on level 4 of the Dungeon.
             The game lasted 00:06:17 (2306 turns).

Liquid the Poker (Centaur Gladiator)                Turns: 2306, Time: 00:06:18

Health: -10/45     AC: 10    Str: 17    XL:     5   Next: 97%
Magic:  5/5        EV:  9    Int:  7    God:    Okawaru [......]
Gold:   156        SH:  0    Dex: 11    Spells: 0 memorised, 4 levels left

rFire  . . .     SeeInvis .     a - +0 trident
rCold  . . .     Gourm    .     x - +1 ring mail {MR+}
rNeg   . . .     Faith    .     (no shield)
rPois  .         Spirit   .     c - +0 helmet
rElec  .         Dismiss  .     u - +0 cloak (curse)
rCorr  .         Reflect  .     v - +0 pair of gloves
SustAt .         Harm     +     (no barding)
MR     +....                    k - amulet of harm
Stlth  ..........               (no ring)
                                (no ring)

@: very quick, somewhat resistant to hostile enchantments, extremely unstealthy
A: hooves 3, deformed body, speed 2, tough skin 3
a: Renounce Religion


You were on level 4 of the Dungeon.
You worshipped Okawaru.
Okawaru was noncommittal.
You were not hungry.

You visited 2 branches of the dungeon, and saw 5 of its levels.

You collected 156 gold pieces.

Inventory:

Hand Weapons
 a - a +0 trident (weapon)
 B - a +0 battleaxe
Missiles
 d - 4 throwing nets (quivered)
 m - 13 poisoned needles
 o - 6 javelins
 w - 4 tomahawks of returning
Armour
 b - a +0 leather armour
 c - a +0 helmet (worn)
 e - a +0 plate armour
 p - a +0 ring mail
 u - a cursed +0 cloak (worn)
 v - a +0 pair of gloves (worn)
 x - a +1 ring mail of magic resistance (worn)
Jewellery
 k - an amulet of harm (around neck)
Scrolls
 j - 2 scrolls of fear {unknown}
 l - 4 scrolls of identify {unknown}
 r - a scroll of remove curse {unknown}
 t - a scroll of blinking {unknown}
 y - a scroll of amnesia {unknown}
 C - 2 scrolls of random uselessness {unknown}
Potions
 g - 2 potions of degeneration {unknown}
 h - a potion of heal wounds {unknown}
 i - a potion of brilliance {unknown}
 n - a potion of cancellation {unknown}
 A - a potion of curing {unknown}
Comestibles
 f - 5 bread rations
 q - a chunk of flesh
 s - 7 fruits
 z - a beef jerky
 D - a royal jelly


   Skills:
 + Level 3.2 Fighting
 * Level 4.6 Polearms
 + Level 3.1 Throwing
 + Level 1.8 Armour
 - Level 2.1 Dodging


You had 4 spell levels left.
You didn't know any spells.

Dungeon Overview and Level Annotations

Branches:
Dungeon (4/15)             Temple (1/1) D:4

Altars:
Kikubaaqudgha
Okawaru
Sif Muna
Vehumet
The Shining One


Innate Abilities, Weirdness & Mutations

You have hooves in place of feet.
Armour fits poorly on your strangely shaped body.
You cover ground very quickly.
You have extremely tough skin. (AC +3)


Message History

You hit the orc. Your kick misses the orc.
The orc is heavily wounded.
The orc hits you with a hand axe.
You hit the orc.
You kill the orc!
Okawaru accepts your kill.
The orc priest mumbles some strange prayers to Beogh against you.
Beogh smites you!
The giant newt bites you but does no damage.
You closely miss the giant newt. You kick the giant newt.
You kill the giant newt!
Okawaru accepts your kill.
The orc priest mumbles some strange prayers to Beogh against you.
Beogh smites you!
* * * LOW HITPOINT WARNING * * *
You are too injured to fight recklessly!
Unknown command.
The orc priest calls down the wrath of Beogh upon you.
Beogh smites you!
You die...

#....# #....#######
#....##....##
#...>........
#....##....##
#....##....#
#......########.###....##
#......#....>............
#......#@######.########.
#......#.# #.# ####.
#......#.# ##.# #....
#...loo#.# .... #....
#......#)# #.#.###...#
#......o)# #.........'
.......### .#.##....#
##.###. #.# #.......#
#.###+### #.#.###.....#


You could see an orc priest.

Vanquished Creatures
  An orc wizard (D:4)
  Jessica (D:3)
  An iguana (D:4)
  Ijyb (D:3)
  Robin (D:3)
  4 adders
  An ooze (D:2)
  2 worms
  A dart slug (D:2)
  A giant gecko (D:3)
  5 orcs
  2 ball pythons
  2 giant cockroaches
  20 goblins
  11 hobgoblins
  8 jackals
  3 quokkas
  5 bats
  3 giant newts
  6 kobolds
  10 rats
89 creatures vanquished.

Notes
Turn   | Place    | Note
--------------------------------------------------------------
     0 | D:1      | Liquid the Centaur Gladiator began the quest for the Orb.
     0 | D:1      | Reached XP level 1. HP: 17/17 MP: 1/1
   142 | D:1      | Reached skill level 3 in Polearms
   282 | D:1      | Reached XP level 2. HP: 20/24 MP: 2/2
   630 | D:2      | Reached XP level 3. HP: 8/29 MP: 3/3
  1020 | D:2      | Reached skill level 1 in Armour
  1401 | D:3      | Reached XP level 4. HP: 24/37 MP: 4/4
  1444 | D:3      | Noticed Ijyb
  1464 | D:3      | Killed Ijyb
  1615 | D:3      | Found an iron altar of Okawaru.
  1634 | D:3      | Became a worshipper of Warmaster Okawaru
  1665 | D:3      | Reached skill level 4 in Polearms
  1738 | D:3      | Noticed Jessica
  1739 | D:3      | Found an ancient bone altar of Kikubaaqudgha.
  1739 | D:3      | Found a deep blue altar of Sif Muna.
  1741 | D:3      | Killed Jessica
  1741 | D:3      | Reached XP level 5. HP: 45/45 MP: 5/5
  1746 | D:3      | Found a radiant altar of Vehumet.
  1753 | D:3      | Identified Sif Muna's Grimoire of the Dragonfly
  1941 | D:3      | Noticed Robin
  2006 | D:3      | Killed Robin
  2223 | D:4      | Found a staircase to the Ecumenical Temple.
  2266 | Temple   | Entered the Ecumenical Temple
  2306 | D:4      | Killed from afar by an orc priest

Vault maps used:
D:1:      lemuel_arrival_rhombus
D:2:      first_bread
D:3:      grunt_temple_overflow_magic_moments, nicolae_overflow_crystal_walls,
          minmay_crystal_room, minmay_misc_feat_room, uniq_iyjb, uniq_jessica,
          uniq_robin
D:4:      nicolae_overflow_hidden_temple
Temple:   dshaligram_water_room_temple

Skill      XL: |  1  2  3  4  5 |
---------------+----------------+-----
Polearms       | 3 4 |  4.6
Armour         | 1 |  1.8
Fighting       | 3 |  3.2
Throwing       | 3 |  3.1
Dodging        | |  2.1

Action                   |  1- 3 |  4- 6 || total
-------------------------+-------+-------++-------
Melee: Trident           |   137 |   140 ||   277
       Kick              |    19 |    25 ||    44
  Eat: Chunk             |     1 |     2 ||     3
Armor: Leather armour    |    11 |       ||    11
       Ring mail         |    29 |    48 ||    77
Dodge: Dodged            |    45 |    57 ||   102
